[Event "Chessable Masters - Torneo preliminare"]
[White "Harikrishna, Pentala"]
[Black "Sadhwani, Raunak"]
[WhiteFideId "5007003"]
[BlackFideId "35093487"]
[WhiteElo "2627"]
[BlackElo "2550"]
[Result "0-1"]
[Round "1"]
[TimeControl "600+2"]
[Date "2023.03.13"]
[WhiteClock "0:00:04"]
[BlackClock "0:00:18"]

1. Nf3 d5 2. g3 Nc6 3. d4 Bf5 4. Bg2 Nb4 5. Na3 e6 6. O-O Be7 7. Ne1 Nf6 8. c3 Nc6 9. Nac2 h6 10. Nd3 O-O 11. Re1 Bh7 12. b3 a5 13. a4 Bd6 14. Na3 e5 15. dxe5 Bxe5 16. Nb5 Re8 17. Bb2 Ne4 18. Nxe5 Nxe5 19. f3 Nf6 20. c4 c6 21. Na3 Qe7 22. cxd5 Nxd5 23. Qd4 f6 24. f4 Nf7 25. e4 Nb4 26. Re2 Rad8 27. Qb6 Nd3 28. Bc3 Qc5+ 29. Qxc5 Nxc5 30. Bxa5 Rd3 31. Bb6 Nxe4 32. b4 Nfd6 33. b5 c5 34. a5 Ra8 35. Bc7 Rc8 36. b6 Kf7 37. a6 bxa6 38. Bxe4 Bxe4 39. Bxd6 Bd5 40. Re7+ Kg6 41. b7 Bxb7 42. Rxb7 Rxd6 43. Nc4 Rd4 44. Ne3 Re8 45. Ra3 Rd2 46. f5+ Kh7 47. h4 c4 48. Rc3 h5 49. Kf1 Re5 50. Nxc4 Rxf5+ 51. Ke1 Rg2 52. Nd2 Re5+ 53. Kd1 Rd5 54. Rb2 a5 55. Kc1 Rg1+ 56. Kc2 Rg2 57. Kc1 Rg1+ 58. Kc2 a4 59. Ne4 Rg2+ 60. Kb1 Rg1+ 61. Ka2 Rd4 62. Nc5 Rg4 63. Nxa4 Rxa4+ 64. Kb3 Rg4 0-1


[Site "Internet"]

[Event "Chessable Masters - Torneo preliminare"]
[White "Dubov, Daniil"]
[Black "Shyam, Sundar M."]
[WhiteFideId "24126055"]
[BlackFideId "5019141"]
[WhiteElo "2727"]
[BlackElo "2464"]
[Result "0-1"]
[Round "1"]
[TimeControl "600+2"]
[Date "2023.03.13"]
[WhiteClock "0:00:03"]
[BlackClock "0:00:11"]

1. d4 Nf6 2. c4 g6 3. g3 c5 4. dxc5 Na6 5. Bg2 Nxc5 6. Nc3 Bg7 7. Nh3 d6 8. Nf4 h5 9. Be3 O-O 10. O-O h4 11. gxh4 Ng4 12. Bxc5 dxc5 13. Qxd8 Rxd8 14. Rad1 Bf5 15. Bxb7 Rxd1 16. Rxd1 Rb8 17. Be4 Rxb2 18. Bxf5 gxf5 19. Na4 Rxa2 20. Nxc5 a5 21. Ncd3 a4 22. c5 a3 23. Rc1 Bb2 24. c6 Bxc1 25. c7 Rc2 26. Nd5 a2 27. N3b4 Rxc7 28. Nxa2 Rc5 29. Ndb4 Ba3 30. h3 Bxb4 31. hxg4 0-1


[Site "Internet"]

[Event "Chessable Masters - Torneo preliminare"]
[White "Lobanov, Sergei"]
[Black "Le, Quang Liem"]
[WhiteFideId "24183750"]
[BlackFideId "12401137"]
[WhiteElo "2436"]
[BlackElo "2661"]
[Result "0-1"]
[Round "1"]
[TimeControl "600+2"]
[Date "2023.03.13"]
[WhiteClock "0:00:05"]
[BlackClock "0:00:30"]

1. d4 Nf6 2. c4 e6 3. Nc3 Bb4 4. e3 c5 5. Bd3 O-O 6. Ne2 d5 7. cxd5 exd5 8. a3 Bxc3+ 9. bxc3 Nc6 10. O-O Re8 11. f3 Be6 12. g4 Rc8 13. Ra2 Na5 14. Ng3 cxd4 15. cxd4 Nc4 16. h4 Nd7 17. g5 Nf8 18. f4 Bd7 19. Qf3 Nd6 20. f5 Rc3 21. Bb1 Nc4 22. Ne2 Rb3 23. Bc2 Rbxe3 24. Bxe3 Nxe3 25. Rb1 h6 26. f6 Bg4 27. Qf2 hxg5 28. fxg7 Nd7 29. Bd3 gxh4 30. Kh1 Qf6 31. Qxf6 Nxf6 32. Rxb7 Bf3+ 33. Kg1 Neg4 34. Rb1 h3 35. Nf4 Re3 36. Rf1 Kxg7 37. Rd2 h2+ 38. Rxh2 Nxh2 39. Kxh2 Be4 40. Bxe4 dxe4 41. d5 Rxa3 42. d6 Ra2+ 43. Kg3 Rd2 44. Ra1 Rxd6 45. Rxa7 Rd7 46. Ra5 Re7 47. Rg5+ Kf8 48. Rf5 Kg7 49. Rg5+ Kh6 50. Rf5 Nh7 51. Kf2 f6 52. Ke3 Kg7 53. Nd5 Re6 54. Nf4 Re8 55. Ra5 Ng5 56. Ra7+ Kh6 57. Ra6 Nh7 58. Ra4 f5 59. Ra6+ Kg7 60. Ra7+ Kg8 61. Nh5 Rf8 62. Rg7+ Kh8 63. Re7 Nf6 64. Nf4 Kg8 65. Ne6 Nd5+ 66. Kd4 Nxe7 0-1


[Site "Internet"]

[Event "Chessable Masters - Torneo preliminare"]
[White "Santos Ruiz, Miguel"]
[Black "Vallejo Pons, Francisco"]
[WhiteFideId "22291482"]
[BlackFideId "2205530"]
[WhiteElo "2491"]
[BlackElo "2662"]
[Result "1/2-1/2"]
[Round "1"]
[TimeControl "600+2"]
[Date "2023.03.13"]
[WhiteClock "0:06:34"]
[BlackClock "0:07:31"]

1. e4 c5 2. Nf3 a6 3. c3 e6 4. d4 d5 5. e5 Nc6 6. Bd3 Qb6 7. O-O cxd4 8. cxd4 Bd7 9. Bc2 Nb4 10. Ba4 Bxa4 11. Qxa4+ Qc6 12. Nc3 Qxa4 13. Nxa4 Ne7 1/2-1/2


[Site "Internet"]

[Event "Chessable Masters - Torneo preliminare"]
[White "Van Foreest, Lucas"]
[Black "Abdusattorov, Nodirbek"]
[WhiteFideId "1039792"]
[BlackFideId "14204118"]
[WhiteElo "2483"]
[BlackElo "2714"]
[Result "0-1"]
[Round "1"]
[TimeControl "600+2"]
[Date "2023.03.13"]
[WhiteClock "0:04:37"]
[BlackClock "0:05:52"]

1. d4 Nf6 2. c4 e6 3. Nc3 Bb4 4. Qc2 d5 5. a3 Bxc3+ 6. Qxc3 Ne4 7. Qc2 c5 8. dxc5 Nc6 9. e3 O-O 10. Nf3 Qa5+ 11. Bd2 Qxc5 12. Rc1 Nxd2 13. Qxd2 Rd8 14. cxd5 Qxd5 15. Qxd5 Rxd5 16. Bc4 Rd8 17. Ke2 Bd7 18. Rhd1 Be8 19. Bd3 h6 20. Be4 Kf8 21. Nd4 Nxd4+ 22. Rxd4 Bb5+ 23. Kf3 Rxd4 24. exd4 Rd8 25. Rc7 Rxd4 26. Rxb7 a6 27. Ke3 Rxe4+ 0-1


[Site "Internet"]

[Event "Chessable Masters - Torneo preliminare"]
[White "Cuenca Jimenez, Jose Fernando"]
[Black "Kosteniuk, Alexandra"]
[WhiteFideId "2255570"]
[BlackFideId "4128125"]
[WhiteElo "2455"]
[BlackElo "2524"]
[Result "0-1"]
[Round "1"]
[TimeControl "600+2"]
[Date "2023.03.13"]
[WhiteClock "0:00:03"]
[BlackClock "0:00:18"]

1. d4 Nf6 2. c4 e6 3. Nf3 d5 4. Nc3 dxc4 5. e4 b5 6. e5 Nd5 7. Nxb5 Nb6 8. Be2 Be7 9. O-O Nc6 10. Be3 O-O 11. Qc1 Ba6 12. Nc3 Nb4 13. Rd1 Nd3 14. Bxd3 cxd3 15. Ne1 Nc4 16. Nxd3 Rb8 17. b3 Ba3 18. Qc2 Nxe3 19. fxe3 Qg5 20. Nf4 c5 21. Nb1 Bb4 22. a3 Ba5 23. Qxc5 Qg4 24. Nd2 Bb6 25. Qc3 g5 26. h3 Qh4 27. Nf3 Qh6 28. Nd3 g4 29. hxg4 Qxe3+ 30. Kh2 Rfc8 31. Qd2 Qxd2 32. Rxd2 Rc3 33. Nf4 Rxb3 34. Nh5 Rc8 35. Nf6+ Kg7 36. Kg3 h6 37. a4 Rc4 38. d5 Be3 39. Rdd1 Bf4+ 40. Kh3 Bxe5 41. Nh5+ Kf8 42. dxe6 Bxa1 43. Rxa1 fxe6 44. Rd1 Ke7 45. Kg3 Bb7 46. a5 Rcc3 47. Rf1 e5 0-1


[Site "Internet"]

[Event "Chessable Masters - Torneo preliminare"]
[White "Vaibhav, Suri"]
[Black "Pranav, V"]
[WhiteFideId "5045185"]
[BlackFideId "25060783"]
[WhiteElo "2543"]
[BlackElo "2462"]
[Result "1-0"]
[Round "1"]
[TimeControl "600+2"]
[Date "2023.03.13"]
[WhiteClock "0:00:53"]
[BlackClock "0:00:03"]

1. e4 e5 2. Nf3 Nc6 3. Bc4 Nf6 4. d3 h6 5. c3 d6 6. a4 g6 7. a5 a6 8. Qb3 Qe7 9. Nbd2 Bg7 10. Nf1 O-O 11. Ne3 Nd8 12. O-O Ne6 13. Re1 c6 14. Qc2 Nh5 15. g3 Bd7 16. Bd2 Kh7 17. Rad1 f5 18. exf5 gxf5 19. d4 Ng5 20. Nxg5+ hxg5 21. dxe5 dxe5 22. g4 Nf4 23. Nxf5 Bxf5 24. gxf5 Qf6 25. Bxf4 gxf4 26. Rd7 Kh8 27. Kh1 Rad8 28. Rxb7 Qh4 29. Rg1 Bf6 30. Qe2 e4 31. Qxe4 Qxf2 32. Qg2 Qxg2+ 33. Kxg2 Rd2+ 34. Kf3 Rxh2 35. Rg6 Rh3+ 36. Kxf4 Rh4+ 37. Rg4 Be5+ 38. Kf3 Rh3+ 39. Ke4 Bf6 40. Rg6 Rh4+ 41. Kd3 Be5 42. Rxc6 Bg7 43. Be6 Rh3+ 44. Kc2 Rh2+ 45. Kb3 Bf6 46. Rxa6 Rh1 47. Rc6 Ra1 48. a6 1-0


[Site "Internet"]

[Event "Chessable Masters - Torneo preliminare"]
[White "Grischuk, Alexander"]
[Black "Fier, Alexandr"]
[WhiteFideId "4126025"]
[BlackFideId "2107139"]
[WhiteElo "2731"]
[BlackElo "2504"]
[Result "0-1"]
[Round "1"]
[TimeControl "600+2"]
[Date "2023.03.13"]
[WhiteClock "0:00:16"]
[BlackClock "0:02:12"]

1. e4 c5 2. Nf3 d6 3. d4 cxd4 4. Nxd4 Nf6 5. Bd3 Nc6 6. Be3 e5 7. Nxc6 bxc6 8. O-O Be7 9. c4 O-O 10. Nc3 Be6 11. Qe2 Nd7 12. b4 Bg5 13. Rfd1 Bxe3 14. Qxe3 a5 15. b5 Qc7 16. Rac1 Nc5 17. Be2 Rfd8 18. h3 Rab8 19. Rc2 h6 20. Rcd2 Kf8 21. Kh1 Ke7 22. f4 exf4 23. Qxf4 Nb7 24. Qg3 Kf8 25. Qe3 cxb5 26. cxb5 Rbc8 27. Nd5 Qc5 28. Qg3 Re8 29. a4 Bxd5 30. Rxd5 Qc2 31. Bf3 Qxa4 32. e5 dxe5 33. Rxe5 Red8 34. Ree1 Rxd1 35. Rxd1 Qxb5 36. Qf4 Rd8 37. Rc1 Nd6 38. Qd4 Qg5 39. Rc5 Ne4 40. Rxg5 Rxd4 41. Rxa5 Nf6 42. Kg1 g5 43. Kf2 Kg7 44. Ke3 Rb4 45. Kf2 Rb3 46. Rc5 Ra3 47. Rb5 Ne8 48. Re5 Nc7 49. Bh5 Ne6 50. Rf5 f6 51. Rb5 Ra7 52. Bf3 Nd4 53. Rb7+ Rxb7 54. Bxb7 f5 55. g3 Kf6 56. h4 g4 57. Ke3 Ke5 58. Ba8 Nc2+ 59. Kd2 Nb4 60. Ke3 Nd5+ 61. Kf2 Nf6 62. Ke3 Ne4 63. Bxe4 fxe4 64. h5 Kd5 65. Kf4 Kd4 66. Kxg4 e3 67. Kf3 Kd3 68. g4 e2 69. g5 e1=Q 0-1


[Site "Internet"]

[Event "Chessable Masters - Torneo preliminare"]
[White "Raja, Harshit"]
[Black "Keymer, Vincent"]
[WhiteFideId "5089000"]
[BlackFideId "12940690"]
[WhiteElo "2361"]
[BlackElo "2630"]
[Result "0-1"]
[Round "1"]
[TimeControl "600+2"]
[Date "2023.03.13"]
[WhiteClock "0:00:04"]
[BlackClock "0:00:15"]

1. e4 c6 2. Nf3 d5 3. Nc3 Bg4 4. h3 Bxf3 5. Qxf3 e6 6. d4 Nf6 7. Bd3 dxe4 8. Nxe4 Qxd4 9. Be3 Bb4+ 10. Ke2 Qd8 11. Rad1 Nbd7 12. Nxf6+ Qxf6 13. Qe4 Bc5 14. Bf4 Qd4 15. Qxd4 Bxd4 16. Ba6 bxa6 17. Rxd4 e5 18. Bxe5 Nxe5 19. Re4 f6 20. f4 O-O-O 21. fxe5 Rhe8 22. Ke3 f5 23. Rc4 Rxe5+ 24. Kf4 Re2 25. Rxc6+ Kb7 26. Rc3 Rxg2 27. Re1 Rf2+ 28. Kg5 Rd7 29. Ree3 h6+ 30. Kg6 f4 31. Rf3 Rg2+ 32. Kf5 g5 33. Kg6 Rd6+ 34. Kh5 a5 35. a4 Rc6 36. Rxc6 Kxc6 37. Kxh6 Kd5 38. c4+ Ke4 39. Rf1 f3 40. c5 Rxb2 41. Kxg5 Rg2+ 42. Kf6 Rc2 43. Re1+ Kd4 44. Kf5 f2 45. Rd1+ Ke3 46. Ke6 Rxc5 0-1


[Site "Internet"]

[Event "Chessable Masters - Torneo preliminare"]
[White "Maghsoodloo, Parham"]
[Black "Xu, Yi"]
[WhiteFideId "12539929"]
[BlackFideId "8605564"]
[WhiteElo "2660"]
[BlackElo "2402"]
[Result "0-1"]
[Round "1"]
[TimeControl "600+2"]
[Date "2023.03.13"]
[WhiteClock "0:01:44"]
[BlackClock "0:00:09"]

1. d4 Nf6 2. c4 e6 3. Nf3 d5 4. Nc3 Bb4 5. Bg5 h6 6. Bxf6 Qxf6 7. Qa4+ Nc6 8. e3 O-O 9. Be2 Bd7 10. Qb3 dxc4 11. Qxc4 Qg6 12. O-O Bd6 13. a3 e5 14. Bd3 Na5 15. Bxg6 Nxc4 16. Be4 exd4 17. Nxd4 c6 18. b4 a5 19. b5 Nxa3 20. bxc6 bxc6 21. Na4 Rab8 22. Rfd1 Bb4 23. Nxc6 Bxc6 24. Bxc6 Rfd8 25. Bd5 Kf8 26. Rac1 Rbc8 27. Rxc8 Rxc8 28. Bb3 Nc4 29. g4 Nd2 30. Bd5 Ke7 31. Kg2 Rd8 32. Ba2 Rc8 33. h4 Rc2 34. Bd5 f6 35. Kg3 Rc8 36. h5 Rd8 37. e4 Nxe4+ 38. Kg2 Nc3 39. Re1+ Kf8 40. Nxc3 Rxd5 41. Re3 Bxc3 42. Rxc3 Rd8 43. Kf3 Ra8 44. Ke3 a4 45. Ra3 Ke7 46. Kd4 Kd6 47. f4 Ra7 48. Kc4 f5 49. g5 hxg5 50. fxg5 Ke5 51. Kd3 Kf4 52. h6 g6 53. Kd4 Kxg5 54. Rh3 a3 55. h7 a2 56. h8=Q a1=Q+ 57. Rc3 Rd7+ 58. Ke3 Qe1+ 59. Kf3 Qe4+ 60. Kg3 Qf4+ 61. Kh3 Qg4+ 62. Kh2 Rd2+ 0-1


[Site "Internet"]

[Event "Chessable Masters - Torneo preliminare"]
[White "Petrov, Nikita"]
[Black "Predke, Alexandr"]
[WhiteFideId "4101286"]
[BlackFideId "24107581"]
[WhiteElo "2514"]
[BlackElo "2582"]
[Result "1-0"]
[Round "1"]
[TimeControl "600+2"]
[Date "2023.03.13"]
[WhiteClock "0:00:17"]
[BlackClock "0:00:09"]

1. d4 Nf6 2. Bg5 e6 3. e4 h6 4. Bxf6 Qxf6 5. c3 d5 6. Bd3 dxe4 7. Bxe4 Bd6 8. Nf3 O-O 9. O-O Rd8 10. Nbd2 c5 11. dxc5 Bxc5 12. Qe2 Qe7 13. Rad1 Nd7 14. Bc2 Nf8 15. Ne4 Bd7 16. Nxc5 Qxc5 17. Nd4 e5 18. Nb3 Bb5 19. Nxc5 Bxe2 20. Rxd8 Rxd8 21. Re1 Rd2 22. Bb3 b6 23. Ne4 Rxb2 24. Nd6 Ne6 25. Nc8 Nc5 26. Nxa7 Nxb3 27. axb3 Rxb3 28. h3 Rb2 29. Nc6 f6 30. Ra1 Rc2 31. Ra7 Kh7 32. Ne7 Bd3 33. Nd5 Kg6 34. Ne7+ Kh7 35. Nd5 Kg8 36. Ra8+ Kf7 37. Ra7+ Ke6 38. Nxb6 Rxc3 39. Rxg7 Rc1+ 40. Kh2 Bb5 41. Na8 Rc2 42. Nc7+ Kf5 43. Nxb5 Rxf2 44. Nd6+ Ke6 45. Ne4 Rf4 46. Ng3 e4 47. Rg6 Ke5 48. Rxh6 e3 49. Rh5+ Kd4 50. Ne2+ Ke4 51. Nxf4 Kxf4 52. Kg1 1-0


[Site "Internet"]

[Event "Chessable Masters - Torneo preliminare"]
[White "Le, Tuan Minh"]
[Black "Mekhitarian, Krikor Sevag"]
[WhiteFideId "12401153"]
[BlackFideId "2107660"]
[WhiteElo "2489"]
[BlackElo "2594"]
[Result "1-0"]
[Round "1"]
[TimeControl "600+2"]
[Date "2023.03.13"]
[WhiteClock "0:03:08"]
[BlackClock "0:01:49"]

1. d4 Nf6 2. Nf3 d5 3. Bg5 Ne4 4. Bf4 c5 5. c3 Qb6 6. Qb3 c4 7. Qxb6 axb6 8. Nbd2 Nxd2 9. Nxd2 b5 10. e4 e6 11. g3 Bd7 12. exd5 exd5 13. Bg2 Be6 14. O-O Nc6 15. Rfe1 Kd7 16. a4 Rxa4 17. Rxa4 bxa4 18. Nxc4 dxc4 19. d5 Bc5 20. Rd1 Ke7 21. dxe6 fxe6 22. Bg5+ Kf7 23. Rd7+ Kg6 24. h4 Rf8 25. Be4+ Kh5 26. Rxg7 Ne5 27. Bf4 Ng6 28. Bf3# 1-0


[Site "Internet"]

[Event "Chessable Masters - Torneo preliminare"]
[White "Volkov, Sergey"]
[Black "Martinez Alcantara, Jose Eduardo"]
[WhiteFideId "4122763"]
[BlackFideId "3805662"]
[WhiteElo "2496"]
[BlackElo "2643"]
[Result "0-1"]
[Round "1"]
[TimeControl "600+2"]
[Date "2023.03.13"]
[WhiteClock "0:00:39"]
[BlackClock "0:00:17"]

1. d4 Nf6 2. c4 e6 3. Nc3 Bb4 4. f3 c5 5. d5 d6 6. e4 O-O 7. Ne2 b5 8. Nf4 e5 9. Ne2 bxc4 10. Ng3 Ba6 11. Be2 Re8 12. O-O Nbd7 13. Nf5 Nf8 14. Ne3 Ng6 15. Bxc4 Bc8 16. Ne2 Bd7 17. Ng3 Nh4 18. Nc2 h6 19. Nxb4 cxb4 20. Be3 Qb8 21. Qd3 Ng6 22. Qd2 a5 23. a3 Rc8 24. Rfc1 Qb7 25. axb4 axb4 26. Rxa8 Rxa8 27. Bb3 h5 28. h3 h4 29. Ne2 Nh5 30. Kh2 Qa6 31. Bc4 Qb7 32. Bb3 Qa6 33. Bc4 Qb7 34. Bd3 b3 35. Rc3 Ra1 36. Bc4 Ba4 37. Rc1 Rxc1 38. Qxc1 Bb5 39. Qc3 Qa6 40. Bxb5 Qxb5 41. Qd2 Qc4 42. Bf2 Ngf4 43. Nxf4 Nxf4 44. Bxh4 Qc2 45. Be1 Nd3 46. Qa5 Kh7 47. Bg3 Qxb2 48. Qb6 Qc2 49. Qd8 Qc1 50. Qd7 b2 51. Qf5+ Kg8 52. h4 b1=Q 53. Kh3 Nf4+ 54. Kg4 Nxg2 55. Qd7 Ne3+ 56. Kh5 Qb8 57. Bf4 exf4 58. e5 Qcb1 59. Kg5 Qg6+ 60. Kxf4 Ng2# 0-1


[Site "Internet"]

[Event "Chessable Masters - Torneo preliminare"]
[White "Vokhidov, Shamsiddin"]
[Black "Pantsulaia, Levan"]
[WhiteFideId "14204223"]
[BlackFideId "13602071"]
[WhiteElo "2514"]
[BlackElo "2533"]
[Result "1/2-1/2"]
[Round "1"]
[TimeControl "600+2"]
[Date "2023.03.13"]
[WhiteClock "0:00:36"]
[BlackClock "0:00:59"]

1. e4 c5 2. Nf3 e6 3. d4 cxd4 4. Nxd4 a6 5. c4 Nf6 6. Nc3 Qc7 7. a3 Nxe4 8. Nxe4 Qe5 9. Bd3 Qxd4 10. O-O f5 11. Be3 Qxb2 12. Rb1 Qxa3 13. Rb3 Qe7 14. Bc5 Qd8 15. Nd6+ Bxd6 16. Bxd6 Qf6 17. Re1 Nc6 18. c5 Ne7 19. Qh5+ Qf7 20. Qh4 Qf6 21. Qh5+ Qf7 22. Qg5 h6 23. Qh4 Qf6 24. Qh5+ Qg6 25. Qxg6+ Nxg6 26. Bxf5 Ne7 27. Be4 Rf8 28. h4 Rf7 29. Rd1 Nf5 30. Be5 Nxh4 31. g4 g5 32. Bg3 Kd8 33. Rb6 Re7 34. Be5 a5 35. Bf6 Ke8 36. Bxe7 Kxe7 37. Bxb7 Bxb7 38. Rxb7 Nf3+ 39. Kg2 Ne5 40. c6 Nxc6 41. Rdxd7+ Kf6 42. Rh7 a4 43. Rxh6+ Ke5 44. Rb5+ Kd6 45. Rh1 a3 46. Rd1+ Ke7 47. Rc5 a2 48. Rxc6 a1=Q 49. Rxa1 Rxa1 50. Rc5 Kf6 1/2-1/2


[Site "Internet"]

[Event "Chessable Masters - Torneo preliminare"]
[White "Raja, Rithvik R"]
[Black "Lenderman, Aleksandr"]
[WhiteFideId "35007394"]
[BlackFideId "2021285"]
[WhiteElo "2387"]
[BlackElo "2646"]
[Result "1/2-1/2"]
[Round "1"]
[TimeControl "600+2"]
[Date "2023.03.13"]
[WhiteClock "0:03:58"]
[BlackClock "0:03:33"]

1. d4 e6 2. c4 b6 3. e4 Bb4+ 4. Bd2 Bxd2+ 5. Qxd2 d5 6. cxd5 exd5 7. exd5 Ne7 8. Bb5+ Nd7 9. Nc3 O-O 10. Nge2 Bb7 11. d6 cxd6 12. O-O Nf6 13. f3 a6 14. Bd3 Re8 15. Rac1 b5 16. Kh1 Rc8 17. Nf4 Ng6 18. Rfe1 Qb6 19. Bf5 Rcd8 20. h3 b4 21. Ne4 Nxe4 22. fxe4 Nxf4 23. Qxf4 Qxd4 24. Rc7 Bd5 25. Rf1 Bxa2 26. Rf3 Qe5 27. Qh4 g6 28. b3 Qa1+ 29. Kh2 Qe5+ 30. Kh1 Qa1+ 31. Kh2 Qe5+ 32. Kh1 1/2-1/2


[Site "Internet"]

[Event "Chessable Masters - Torneo preliminare"]
[White "Dreev, Aleksey"]
[Black "Makhnev, Denis"]
[WhiteFideId "4100107"]
[BlackFideId "13707647"]
[WhiteElo "2557"]
[BlackElo "2505"]
[Result "1/2-1/2"]
[Round "1"]
[TimeControl "600+2"]
[Date "2023.03.13"]
[WhiteClock "0:00:20"]
[BlackClock "0:00:11"]

1. d4 Nf6 2. c4 e6 3. Nc3 Bb4 4. Qc2 d5 5. a3 Bxc3+ 6. Qxc3 dxc4 7. Qxc4 b6 8. Bg5 Ba6 9. Qa4+ Qd7 10. Qxd7+ Nbxd7 11. Nf3 c5 12. Bxf6 gxf6 13. e3 Bxf1 14. Rxf1 Ke7 15. Ke2 Rhc8 16. Rfc1 c4 17. Nd2 b5 18. b3 cxb3 19. Nxb3 f5 20. Na5 Nb6 21. f3 a6 22. Kd3 Kd7 23. e4 fxe4+ 24. fxe4 Na4 25. e5 h5 26. Nb7 Nb2+ 27. Ke4 Rg8 28. Kf3 Rg4 29. Nc5+ Ke7 30. Ne4 Nc4 31. a4 Rd8 32. h3 Rg6 33. axb5 axb5 34. Rd1 h4 35. Kf2 Kf8 36. Rab1 Ra8 37. Ra1 Rd8 38. Rab1 Ra8 39. Ra1 Rd8 1/2-1/2


[Site "Internet"]

[Event "Chessable Masters - Torneo preliminare"]
[White "Matinian, Nikita"]
[Black "Meier, Georg"]
[WhiteFideId "24129100"]
[BlackFideId "4675789"]
[WhiteElo "2326"]
[BlackElo "2624"]
[Result "1-0"]
[Round "1"]
[TimeControl "600+2"]
[Date "2023.03.13"]
[WhiteClock "0:01:42"]
[BlackClock "0:00:09"]

1. e4 e6 2. d4 d5 3. Nc3 dxe4 4. Nxe4 Nd7 5. Nf3 Ngf6 6. Nxf6+ Nxf6 7. Be3 Bd6 8. Bd3 O-O 9. Qd2 b6 10. O-O-O Bb7 11. Ne5 Nd5 12. c4 Nxe3 13. Qxe3 c5 14. dxc5 bxc5 15. f4 h6 16. Rhg1 Qe7 17. g4 Bxe5 18. Qxe5 Rad8 19. g5 hxg5 20. Rxg5 f6 21. Qxc5 Rf7 22. Rh5 f5 23. Qxe7 Rxe7 24. Bc2 Rc8 25. Rd4 Kf7 26. Rh3 Kf6 27. b4 Bg2 28. Rg3 Bf1 29. c5 Rh8 30. Rd2 Rh4 31. Rf2 Bc4 32. Kb2 Bd5 33. a4 e5 34. fxe5+ Rxe5 35. b5 a6 36. bxa6 Rb4+ 37. Ka3 Rc4 38. Rb3 Rxc5 39. Rb5 Rc7 40. Bxf5 Ke7 41. Rc2 Ra7 42. Bc8 Re3+ 43. Kb4 Be4 44. Rcc5 Re1 45. Ka5 Bf3 46. Bb7 Re3 47. Re5+ Rxe5 48. Rxe5+ Kd6 49. Bxf3 Kxe5 50. Bb7 Kd6 51. Kb6 g5 52. Kxa7 Kc7 53. Bf3 g4 54. Bxg4 1-0


[Site "Internet"]

[Event "Chessable Masters - Torneo preliminare"]
[White "Bluebaum, Matthias"]
[Black "Sankalp, Gupta"]
[WhiteFideId "24651516"]
[BlackFideId "5097010"]
[WhiteElo "2601"]
[BlackElo "2427"]
[Result "1-0"]
[Round "1"]
[TimeControl "600+2"]
[Date "2023.03.13"]
[WhiteClock "0:07:47"]
[BlackClock "0:05:59"]

1. d4 Nf6 2. c4 e6 3. Nc3 Bb4 4. e3 O-O 5. Bd2 d5 6. Nf3 b6 7. cxd5 exd5 8. Rc1 Bb7 9. Bd3 Re8 10. Ne5 c5 11. a3 cxd4 12. exd4 Bd6 13. O-O Bxe5 14. dxe5 Rxe5 15. Bf4 Re7 16. Nb5 Na6 17. b4 d4 18. Nd6 Qd7 19. Bb5 1-0


[Site "Internet"]

[Event "Chessable Masters - Torneo preliminare"]
[White "Steinberg, Nitzan"]
[Black "Mareco, Sandro"]
[WhiteFideId "2801795"]
[BlackFideId "112275"]
[WhiteElo "2500"]
[BlackElo "2541"]
[Result "1/2-1/2"]
[Round "1"]
[TimeControl "600+2"]
[Date "2023.03.13"]
[WhiteClock "0:00:35"]
[BlackClock "0:01:02"]

1. e4 e5 2. Nf3 Nc6 3. Bb5 a6 4. Ba4 Nge7 5. d4 exd4 6. Nxd4 Nxd4 7. Qxd4 Nc6 8. Qd1 Bc5 9. O-O O-O 10. Nc3 d6 11. Bf4 b5 12. Bb3 Na5 13. Qd3 Bb7 14. Bd5 c6 15. Bb3 Qe7 16. Rad1 Rad8 17. Rfe1 Nxb3 18. axb3 f6 19. Qg3 Rd7 20. h4 Rfd8 21. Re2 Qf7 22. Red2 d5 23. e5 fxe5 24. Bxe5 Bf8 25. Rd4 c5 26. Rg4 d4 27. Ne4 Bxe4 28. Rxe4 d3 29. Rxd3 Rxd3 30. cxd3 Qxb3 31. Re3 Rd7 32. Qg4 Rf7 33. h5 h6 34. Rg3 Qc2 35. f4 c4 36. dxc4 bxc4 37. Kh2 Qf5 38. Kh3 Qb1 39. Kh2 Qf5 40. Qg6 Qc8 41. Qxh6 Qd8 42. Qg6 Rxf4 43. Qe6+ Rf7 44. h6 Qh4+ 45. Rh3 Qe7 46. hxg7 Bxg7 47. Qc8+ Qf8 48. Qxf8+ Kxf8 49. Bxg7+ Kxg7 1/2-1/2


[Site "Internet"]

[Event "Chessable Masters - Torneo preliminare"]
[White "Kravtsiv, Martyn"]
[Black "Tregubov, Pavel V."]
[WhiteFideId "14113147"]
[BlackFideId "4115341"]
[WhiteElo "2675"]
[BlackElo "2522"]
[Result "1-0"]
[Round "1"]
[TimeControl "600+2"]
[Date "2023.03.13"]
[WhiteClock "0:00:45"]
[BlackClock "0:00:17"]

1. e4 e5 2. Nf3 Nf6 3. Nc3 Nc6 4. a4 a6 5. d4 exd4 6. Nxd4 Bb4 7. Nxc6 bxc6 8. Bd3 O-O 9. O-O d5 10. Bd2 Rb8 11. Re1 Re8 12. h3 h6 13. b3 dxe4 14. Nxe4 Rxe4 15. Rxe4 Bxd2 16. Re2 Bg4 17. hxg4 Bc3 18. Rb1 Nxg4 19. Bf5 Qh4 20. Bxg4 Rd8 21. Qf1 Qxg4 22. Rd1 Rf8 23. Rd3 Bb4 24. Qd1 Bd6 25. Re1 Qf4 26. Qf3 Qh2+ 27. Kf1 Qh1+ 28. Ke2 Qh4 29. Qxc6 a5 30. Rh3 Qg4+ 31. Kf1 Bb4 32. Qe4 Qd7 33. Rd3 Qc8 34. Re2 c5 35. Kg1 Qa6 36. Ree3 Qf6 37. Qe5 Qa6 38. Rg3 f6 39. Qe7 1-0


[Site "Internet"]

[Event "Chessable Masters - Torneo preliminare"]
[White "Darini, Pouria"]
[Black "Tabatabaei, M. Amin"]
[WhiteFideId "12502200"]
[BlackFideId "12521213"]
[WhiteElo "2573"]
[BlackElo "2558"]
[Result "1/2-1/2"]
[Round "1"]
[TimeControl "600+2"]
[Date "2023.03.13"]
[WhiteClock "0:00:21"]
[BlackClock "0:00:30"]

1. e4 e5 2. Nf3 Nc6 3. Bb5 a6 4. Ba4 Nf6 5. d3 Bc5 6. Bxc6 dxc6 7. O-O Nd7 8. Be3 Bd6 9. Nbd2 O-O 10. Nc4 c5 11. a4 Re8 12. Nxd6 cxd6 13. Nd2 Nf8 14. f4 exf4 15. Bxf4 Ng6 16. Bg3 Be6 17. Qh5 f6 18. b3 d5 19. Rae1 Qd7 20. h3 b5 21. exd5 Bxd5 22. a5 Qc6 23. Re2 Rxe2 24. Qxe2 Re8 25. Qf2 b4 26. Nc4 h5 27. Nb6 Bf7 28. Re1 Nf8 29. Rxe8 Bxe8 30. Bf4 Ne6 31. Be3 Qd6 32. Nc4 Qd5 33. Qg3 Bc6 34. Nb6 Qf5 35. Qd6 Qe5 36. Qxe5 fxe5 37. Nc4 e4 38. Kf2 exd3 39. cxd3 Bd5 40. g3 Kf7 41. h4 Kf6 42. Ke2 Kf5 43. Kf2 Kf6 44. Ke2 Nd4+ 45. Bxd4+ cxd4 46. Kf2 Ke6 47. Nd2 Kd6 48. Ke2 Kc6 49. Nf3 Kc5 50. Nd2 Kb5 51. Nc4 Kc6 52. Kd2 Kc5 53. Ke2 Kb5 54. Kd2 Kc6 55. Ke2 Kc7 56. Kd2 Kd8 57. Ke2 Ke7 58. Kd2 Ke6 59. Ke2 Kf5 60. Kf2 Be6 61. Nd2 Kg4 62. Nc4 Kh3 63. Nd2 Bf5 64. Nf3 Bxd3 65. Nxd4 Be4 66. Ke3 Bd5 67. Kf4 g6 68. Nc2 Bxb3 69. Nxb4 Bc4 70. Nc6 Ba2 71. Ne5 Bb1 72. Nd7 Bd3 73. Nc5 Bb5 74. Ne6 Bc4 75. Nf8 Bd3 76. Nd7 Kg2 77. Ne5 Bb1 78. g4 hxg4 79. Kxg4 Kh2 80. Kg5 Kh3 81. Nd7 Bd3 82. Nc5 Bb5 83. Ne4 Bc6 84. Nf6 Ba4 85. Nh7 Bc2 86. Nf8 Bd3 87. Nd7 Kg3 88. Nc5 Bb5 89. Kxg6 Kxh4 90. Kf6 Kh5 91. Ke5 Kg6 92. Kd6 Kf7 93. Kc7 Ke8 94. Kb7 Kd8 95. Nxa6 Bxa6+ 96. Kxa6 Kc8 97. Ka7 Kc7 98. a6 Kc8 99. Kb6 Kb8 100. a7+ Ka8 101. Ka6 1/2-1/2


[Site "Internet"]